 Dungeon Crawl Stone Soup version 0.21.1-1-g345015f (webtiles) character file.

1356 headhugger the Chopper (level 8, -9/70 HPs)
             Began as a Hill Orc Fighter on Apr 17, 2018.
             Killed from afar by Dowan (19 damage)
             ... with a shard of ice
             ... on level 6 of the Dungeon.
             The game lasted 00:23:34 (4983 turns).

headhugger the Chopper (Hill Orc Fighter)           Turns: 4983, Time: 00:23:35

Health: -9/70      AC: 13    Str: 21    XL:     8   Next: 64%
Magic:  8/8        EV:  8    Int:  8    God:
Gold:   295        SH: 11    Dex: 10    Spells: 7/7 levels left

rFire    . . .     SeeInvis .   K - +3 flail
rCold    . . .     Gourm    .   c - +1 shield
rNeg     . . .     Faith    .   b - +0 scale mail
rPois    .         Spirit   .   (no helmet)
rElec    .         Reflect  .   p - +2 cloak
rCorr    .         Harm     .   Q - +0 pair of gloves
MR       .....                  I - +0 pair of boots
Stlth    ..........             h - amulet of regeneration
HPRegen  0.61/turn              M - ring of wizardry
MPRegen  0.11/turn              (no ring)

@: no status effects
A: no striking features
a: no special abilities


You were on level 6 of the Dungeon.
You were not hungry.

You visited 1 branch of the dungeon, and saw 6 of its levels.

You collected 295 gold pieces.

Inventory:

Hand Weapons
 a - a +0 war axe
 g - a +0 club
 l - a +0 dagger
 n - a +0 spear
 o - a cursed -1 club
 u - a +0 hunting sling
 v - a +0 hunting sling
 w - a +0 dagger of electrocution
 B - a +0 dagger
 F - a +0 dagger
 G - a +0 flail
 K - a +3 flail (weapon)
Missiles
 e - 184 stones
 m - 56 arrows
 q - 6 needles of paralysis
 r - 21 poisoned needles
 x - 33 sling bullets
 L - 5 tomahawks (quivered)
Armour
 b - a +0 scale mail (worn)
 c - a +1 shield (worn)
 j - a cursed +0 robe
 k - a +0 ring mail
 p - a +2 cloak (worn)
 t - a +0 shield
 I - a +0 pair of boots (worn)
 Q - a +0 pair of gloves (worn)
 U - a +0 leather armour
Jewellery
 h - an amulet of regeneration (around neck)
 A - an uncursed amulet of guardian spirit
 M - a ring of wizardry (left hand)
Wands
 E - a wand of enslavement (16)
Scrolls
 i - 5 scrolls of magic mapping
 s - 3 scrolls of remove curse
 y - 2 scrolls of teleportation
 S - a scroll of identify
 T - a scroll of amnesia
 V - a scroll of blinking {unknown}
Potions
 d - a potion of might
 C - a potion of haste {unknown}
 D - 3 potions of curing
 H - a potion of mutation {unknown}
 J - a potion of cancellation
 O - a potion of magic {unknown}
 P - a potion of resistance {unknown}
Books
 z - a book of Cantrips

   Spells                             Type                      Level
   a - Confusing Touch                Hexes                        1
   b - Animate Skeleton               Necromancy                   1
   c - Summon Small Mammal            Summoning                    1
   d - Apportation                    Translocation                1
Comestibles
 f - 6 rations


   Skills:
 + Level 5.9 Fighting
 + Level 7.8(8.4) Axes
 + Level 3.8(5.7) Maces & Flails
 + Level 0.5 Throwing
 + Level 5.4 Armour
 + Level 1.7 Dodging
 + Level 5.9 Shields


You had 7 spell levels left.
You didn't know any spells.

Dungeon Overview and Level Annotations

Branches:
Dungeon (6/15)
 Temple: D:4-7

Altars:
Wu Jian

Annotations:
D:6 Dowan, Menkaure


Message History

You throw a tomahawk. The tomahawk closely misses Dowan.
Menkaure hits you! Dowan gestures at you while chanting.
The shard of ice misses you.
Menkaure calls on the powers of darkness!
Your body is wracked with pain!
* * * LOW HITPOINT WARNING * * *
Throwing (i - inventory. (,) - cycle):
L - 6 tomahawks (quivered)
Press: ? - help, Shift-Dir - straight line, f/p - Dowan
Aim: Dowan, wielding a dagger and wearing a robe (almost dead, fast)
You throw a tomahawk. The tomahawk closely misses Dowan.
You block Menkaure's attack. Dowan hits you but does no damage.
Dowan gestures wildly while chanting.
Dowan blinks!
You block Menkaure's attack.
There is a stone staircase leading up here.
Menkaure calls on the powers of darkness!
Your body is wracked with pain!
* * * LOW HITPOINT WARNING * * *
Dowan gestures at you while chanting. The shard of ice hits you!
You die...

##......#####.....#
#.........#....##.#
######.##.#...###.#
#.##....## #M#
#M###..## #.#
######.# #..# #.#
#...>..# #..# #)##
######.###..# #.##
#@M...##..# #...
###.....##..# ####
####......(##..#
##......#...#
#.......#...#
#..e....#...###.
#................
###......###.####.
..........###....


You could see Menkaure and Dowan.

Vanquished Creatures
  The ghost of atlas1 the Cleaver, a novice HOFi of Trog (D:5)
  Duvessa (D:6)
  An ogre (D:5)
  A water moccasin skeleton (D:5)
  A scorpion (D:6)
  3 orc priests (D:4)
  2 hounds (D:4)
  A bullfrog skeleton (D:6)
  5 orc wizards
  5 worker ants
  An iguana (D:6)
  2 hound zombies (D:6)
  A hound skeleton (D:4)
  6 adders
  An ooze (D:1)
  An adder skeleton (D:5)
  An adder zombie (D:5)
  4 worms
  2 dart slugs
  6 leopard geckos
  11 orcs
  3 ball pythons
  6 bats
  4 giant cockroaches
  6 goblins
  7 hobgoblins
  7 jackals (D:4)
  A quokka (D:4)
  9 frilled lizards
  6 kobolds
  A quokka skeleton (D:5)
  8 rats
115 creatures vanquished.

Notes
Turn   | Place    | Note
-------+----------+-------------------------------------------
     0 | D:1      | headhugger the Hill Orc Fighter began the quest for the Orb.
     0 | D:1      | Reached XP level 1. HP: 19/19 MP: 1/1
   102 | D:1      | Reached XP level 2. HP: 27/27 MP: 2/2
   274 | D:1      | Reached skill level 3 in Axes
   326 | D:1      | Reached XP level 3. HP: 33/33 MP: 3/3
  1045 | D:2      | Reached XP level 4. HP: 32/41 MP: 4/4
  1715 | D:3      | Reached skill level 4 in Axes
  2215 | D:3      | Reached XP level 5. HP: 40/47 MP: 5/5
  2516 | D:3      | Reached skill level 5 in Axes
  2872 | D:4      | Reached XP level 6. HP: 44/53 MP: 6/6
  3003 | D:4      | Reached skill level 6 in Axes
  3086 | D:4      | Reached skill level 1 in Dodging
  3429 | D:4      | Reached skill level 5 in Fighting
  3429 | D:4      | Reached XP level 7. HP: 32/61 MP: 7/7
  3643 | D:5      | Entered Level 5 of the Dungeon
  3720 | D:5      | Reached skill level 7 in Axes
  3799 | D:5      | Found an ornate altar of the Wu Jian Council.
  4051 | D:5      | Noticed atlas1's ghost (novice HOFi)
  4247 | D:5      | Killed atlas1's ghost
  4247 | D:5      | Reached skill level 5 in Armour
  4247 | D:5      | Reached skill level 5 in Shields
  4247 | D:5      | Reached XP level 8. HP: 27/69 MP: 8/8
  4813 | D:6      | Noticed Dowan
  4814 | D:6      | Noticed Duvessa
  4816 | D:6      | Noticed Menkaure
  4840 | D:6      | Killed Duvessa
  4983 | D:6      | Killed from afar by Dowan

Skill      XL: |  1  2  3  4  5  6  7  8 |
---------------+-------------------------+-----
Fighting       | 4 5 |  5.9
Axes           | 3 4 5 6 7 |  7.8
Shields        | 4 5 |  5.9
Armour         | 4 5 |  5.4
Dodging        | 1 |  1.7
Maces & Flails | 2 3 |  3.8
Throwing       | |  0.5

Action                   |  1- 3 |  4- 6 |  7- 9 || total
-------------------------+-------+-------+-------++-------
Melee: War axe           |   117 |   155 |    47 ||   319
       Flail             |       |       |   106 ||   106
Throw: Tomahawk          |       |       |     7 ||     7
  Use: Potion            |     3 |     2 |     1 ||     6
       Scroll            |     2 |     6 |     1 ||     9
  Eat: Chunk             |     1 |     3 |       ||     4
       Ration            |       |     3 |     1 ||     4
Armor: Scale mail        |    76 |    72 |    58 ||   206
Dodge: Dodged            |    41 |    40 |    34 ||   115
Block: Shield            |    71 |    79 |    81 ||   231
